 Dungeon Crawl Stone Soup version 0.27.0-1-g7a089689b8 (webtiles) character file.

Game seed: 5437807152768519981

506 Thatpatchoflichen the Skirmisher (level 7, -3/62 HPs)
             Began as a Hill Orc Fighter on Aug 12, 2021.
             Slain by an orc warrior (24 damage)
             ... on level 4 of the Dungeon.
             The game lasted 00:12:58 (3091 turns).

Thatpatchoflichen the Skirmisher (Hill Orc Fighter) Turns: 3091, Time: 00:12:58

Health: -3/62      AC:  8    Str: 20    XL:     7   Next: 18%
Magic:  7/7        EV:  7    Int:  8    God:
Gold:   204        SH: 10    Dex: 11    Spells: 6/6 levels left

rFire    + . .     SeeInvis .   a - +0 war axe
rCold    . . .     Faith    .   c - +0 kite shield
rNeg     . . .     Spirit   .   b - +0 scale mail
rPois    .         Reflect  .   (no helmet)
rElec    .         Harm     .   (no cloak)
rCorr    .         Rampage  .   (no gloves)
Will     .....                  h - +0 pair of boots
Stlth    ..........             i - amulet of regeneration
HPRegen  1.20/turn              k - ring of protection from fire
MPRegen  0.10/turn              (no ring)

@: no status effects
A: no striking features
a: no special abilities


You were on level 4 of the Dungeon.
You visited 1 branch of the dungeon, and saw 4 of its levels.
You also visited: Sewer.

You collected 204 gold pieces.

Inventory:

Hand Weapons
 a - a +0 war axe (weapon)
 y - a +0 shortbow
Missiles
 l - 64 stones (quivered)
 r - 13 arrows
 w - 15 bolts
Armour
 b - a +0 scale mail (worn)
 c - a +0 kite shield (worn)
 h - a +0 pair of boots (worn)
 z - a +1 ring mail of cold resistance
Magical Staves
 j - a staff of fire
 n - a staff of earth
Jewellery
 i - an amulet of regeneration (around neck)
 k - a ring of protection from fire (left hand)
Wands
 p - a wand of charming (10)
 s - a wand of polymorph (3)
Scrolls
 f - 4 scrolls of identify {unknown}
 g - a scroll of holy word {unknown}
 o - a scroll of fear {unknown}
 t - a scroll of blinking {unknown}
 v - a scroll of immolation {unknown}
Potions
 d - a potion of might
 e - 2 potions of curing {unknown}
 m - a potion of degeneration {unknown}
 q - a potion of cancellation {unknown}
 u - 2 potions of haste {unknown}
 x - 2 potions of mutation {unknown}


   Skills:
 + Level 5.9 Fighting
 - Level 5.0 Axes
 - Level 5.0 Armour
 + Level 5.4 Shields


You had 6 spell levels left.
You didn't know any spells.
Your spell library was empty.

Dungeon Overview and Level Annotations

Branches:
Dungeon (4/15)              Sewer (visited)
 Temple: D:4-7

Altars:
Fedhas
Trog


Message History

You see here 13 arrows.
You block the orc's attack.
You barely miss the orc. The orc hits you but does no damage.
The orc hits you with a +0 flail.
You slash the orc!
You kill the orc!
An orc warrior comes into view. It is wielding a +0 glaive.
The orc warrior shouts!
Things that are here:
a +0 flail; 13 stones; a +0 buckler You see here 13 arrows.
The orc warrior hits you from afar with a +0 glaive!
You see here a +0 chain mail.
The orc warrior hits you with a +0 glaive!
You hit the orc warrior.
The orc warrior is lightly wounded.
You block the orc warrior's attack.
Your scale mail prevents you from hitting the orc warrior.
The orc warrior is lightly wounded.
The orc warrior hits you with a +0 glaive!!
You block the orc warrior's attack.
You slash the orc warrior!
The orc warrior is moderately wounded.
You block the orc warrior's attack.
You closely miss the orc warrior.
The orc warrior is moderately wounded.
You block the orc warrior's attack.
You hit the orc warrior.
The orc warrior is moderately wounded.
You block the orc warrior's attack.
The orc warrior hits you with a +0 glaive!
* * * LOW HITPOINT WARNING * * *
You hit the orc warrior but do no damage.
The orc warrior is moderately wounded.
You block the orc warrior's attack.
You closely miss the orc warrior.
The orc warrior is moderately wounded.
You block the orc warrior's attack.
The orc warrior hits you with a +0 glaive!!
You die...

..... ..
.##....... .
##.#....... ####.
.......[...
##...## ..........
#.)...###......>..
##...............
#.....)..........
#......([@o......
#..<..#.....#....
##....#...##.....
###.##..... ...#
####...#.....#
##.###...## #..
... ... #.


You could see an orc warrior.

Vanquished Creatures
  A water moccasin (D:3)
  A bullfrog (Sewer)
  A vampire bat (D:3)
  Natasha (thrice) (D:2)
  An orc wizard (D:3)
  Terence (D:3)
  A howler monkey skeleton (D:4)
  8 adders
  A worm (D:3)
  2 dart slugs
  6 orcs
  8 bats
  5 endoplasms
  7 giant cockroaches
  4 goblins
  2 hobgoblins (D:2)
  8 jackals
  7 kobolds
  5 quokkas
  6 ball pythons
  8 frilled lizards
  5 rats
91 creatures vanquished.

Vanquished Creatures (others)
  A bat (D:2)
1 creature vanquished.

Grand Total: 92 creatures vanquished

Notes
Turn   | Place    | Note
-------+----------+-------------------------------------------
     0 | D:1      | Thatpatchoflichen the Hill Orc Fighter began the quest for
                  | the Orb.
     0 | D:1      | Reached XP level 1. HP: 19/19 MP: 1/1
   195 | D:1      | Reached XP level 2. HP: 27/27 MP: 2/2
   279 | D:1      | Found a faded altar of an unknown god.
   527 | D:1      | Reached XP level 3. HP: 32/33 MP: 3/3
  1235 | D:2      | Reached XP level 4. HP: 37/40 MP: 4/4
  1714 | D:2      | Noticed Natasha
  1719 | D:2      | Killed Natasha
  1841 | D:3      | Reached XP level 5. HP: 36/47 MP: 5/5
  1850 | D:3      | Found a glowing drain.
  1865 | Sewer    | Entered a sewer
  2175 | D:3      | Reached skill level 5 in Fighting
  2223 | D:2      | Noticed Natasha
  2234 | D:2      | Killed Natasha
  2235 | D:2      | Reached XP level 6. HP: 56/56 MP: 6/6
  2360 | D:2      | Noticed Natasha
  2369 | D:2      | Killed Natasha
  2507 | D:3      | Found a bloodstained altar of Trog.
  2537 | D:3      | Noticed a water moccasin
  2553 | D:3      | Killed a water moccasin
  2554 | D:3      | Reached skill level 5 in Axes
  2554 | D:3      | Reached skill level 5 in Armour
  2554 | D:3      | Reached skill level 5 in Shields
  2616 | D:3      | Noticed Terence
  2634 | D:3      | Killed Terence
  2646 | D:3      | Found a blossoming altar of Fedhas.
  2756 | D:3      | Reached XP level 7. HP: 62/62 MP: 7/7
  3091 | D:4      | Slain by an orc warrior

Illustrated notes

Levels and vault maps discovered:
D:1:      onia_arrival_pyramid, layout_loops_ring,
          dreamdust_ecumenical_altar_angels_and_demons
D:2:      layout_rooms, uniq_natasha
D:3:      layout_rooms, lightli_temple_of_fire, amcnicky_altar_gilded,
          cheibrodos_sewer_entry_sluice, roderic_batcave, uniq_terence
D:4:      layout_cave_pools, sigmund_edmund_badplayer

Skill      XL: |  1  2  3  4  5  6 |
---------------+-------------------+-----
Axes           | 3 4 5 |  5.0
Fighting       | 4 5 |  5.9
Armour         | 4 5 |  5.0
Shields        | 4 5 |  5.4

Action                   |  1- 3 |  4- 6 |  7- 9 || total
-------------------------+-------+-------+-------++-------
Melee: War axe           |    79 |   149 |    33 ||   261
       Unarmed           |       |     3 |       ||     3
Armor: Scale mail        |    69 |   108 |    13 ||   190
       Skin              |       |     1 |       ||     1
Dodge: Dodged            |    61 |    91 |    10 ||   162
Block: Kite shield       |    66 |   130 |    33 ||   229
